 Dungeon Crawl Stone Soup version 0.30-a0-134-gb40fab5c76 (webtiles) character file.

Game seed: 10547322281809389472

16 Nedwor the Cutter (level 2, 22/22 HPs)
             Began as a Demonspawn Gladiator on Sept 20, 2022.
             Quit the game on level 1 of the Dungeon.
             The game lasted 00:00:49 (813 turns).

Nedwor the Cutter (Demonspawn Gladiator)             Turns: 813, Time: 00:00:50

Health: 22/22      AC:  9    Str: 14    XL:     2   Next: 37%
Magic:  2/2        EV:  6    Int:  9    God:
Gold:   32         SH:  0    Dex: 14    Spells: 1/1 levels left

rFire   . . .      SeeInvis .    a - +0 rapier
rCold   . . .      Faith    .    (no shield)
rNeg    . . .      Spirit   .    h - +0 chain mail
rPois   .          Reflect  .    c - +0 helmet
rElec   .          Harm     .    (no cloak)
rCorr   .          Rampage  .    (no gloves)
Will    .....                    (no boots)
Stlth   ..........               (no amulet)
HPRegen 0.07/turn                (no ring)
MPRegen 0.08/turn                (no ring)

@: no status effects
A: demonic touch 1
a: no special abilities


You were on level 1 of the Dungeon.
You visited 1 branch of the dungeon, and saw 1 of its levels.

You collected 32 gold pieces.

Inventory:

Hand Weapons
 a - a +0 rapier (weapon)
Missiles
 d - 3 throwing nets (quivered)
 e - a javelin
Armour
 c - a +0 helmet (worn)
 h - a +0 chain mail (worn)
Jewellery
 j - a +4 ring of evasion
 m - a ring of ice
Scrolls
 b - a scroll of noise {unknown}
 g - a scroll of enchant weapon {unknown}
Potions
 f - a potion of haste {unknown}
 i - 2 potions of degeneration {unknown}
 k - a potion of attraction {unknown}
 l - a potion of mutation {unknown}


   Skills:
 + Level 2.2 Fighting
 * Level 3.0 Short Blades
 - Level 1.7 Throwing
 + Level 0.5 Armour
 + Level 2.8 Dodging


You had one spell level left.
You didn't know any spells.
Your spell library was empty.

Dungeon Overview and Level Annotations

Branches:
Dungeon (1/15)

Altars:

Shops:
D:1 !


Innate Abilities, Weirdness & Mutations

Your touch may inflict minor irresistible damage on your foes.


Message History

A bat is nearby!
A bat is nearby!
The bat barely misses you.
You closely miss the bat. The bat hits you but does no damage. x2
You barely miss the bat. The bat hits you. The bat hits you but does no damage.
You hit the bat.
The bat is severely wounded.
The bat barely misses you. The bat hits you but does no damage.
You completely miss the bat. Your touch misses the bat.
The bat is severely wounded.
The bat hits you but does no damage. The bat hits you but does no damage.
The bat hits you but does no damage. x2
You miss the bat. Your touch misses the bat.
The bat is severely wounded.
The bat barely misses you. The bat hits you but does no damage. x2
A bat is nearby!
A bat is nearby!
You barely miss the bat.
The bat is severely wounded.
The bat hits you but does no damage. The bat hits you but does no damage. x2
You closely miss the bat.
You touch the bat.
You kill the bat!
No target in view!
No target in view!
No target in view!
No target in view!
No target in view!
No target in view!
Done exploring.
Done exploring.
Done exploring.
Done exploring.
No target in view!
(D) Dungeon
Where to? (? - help)
Okay, then.
Are you sure you want to abandon this character and quit the game? (Confirm with "yes".)

.# .# .# .##
..#### #####
.....## #...#
.###..########.#.#
.................#
.####..#######.#@#
.# ##.# #.#.# .#
#.## #.#.#
.#####..### #.#.#
.....##...# #.#.#
.###.#)...# #.#.#
.# #.#.##.# #.#.#
.# #.#.##.####.#.#
## #.#.##...##.#.#


There were no monsters in sight!

Vanquished Creatures
  5 bats (D:1)
  2 endoplasms (D:1)
  A giant cockroach (D:1)
  2 goblins (D:1)
  2 kobolds (D:1)
  2 frilled lizards (D:1)
14 creatures vanquished.

Notes
Turn   | Place    | Note
-------+----------+-------------------------------------------
     0 | D:1      | Nedwor the Demonspawn Gladiator began the quest for the
                  | Orb.
     0 | D:1      | Reached XP level 1. HP: 16/16 MP: 1/1
   193 | D:1      | Found Gamm's Distillery.
   352 | D:1      | Discovered your monstrous ancestry.
   352 | D:1      | Gained mutation: Your touch may inflict minor irresistible
                  | damage on your foes. [demonic ancestry]
   352 | D:1      | Reached XP level 2. HP: 22/22 MP: 2/2
   411 | D:1      | Reached skill level 3 in Short Blades
   813 | D:1      | Quit the game

Illustrated notes

Levels and vault maps discovered:
D:1:      elethiomel_arrival_shortcut, layout_basic, serial_shops,
          shop_fountains

Skill      XL: |  1  2 |
---------------+-------+-----
Short Blades   | 3 |  3.0
Fighting       | |  2.2
Throwing       | |  1.7
Armour         | |  0.5
Dodging        | |  2.8

Action                   || total
-------------------------++-------
Melee: Rapier            ||    46
       Touch             ||     4
Armor: Chain mail        ||    44
       Leather armour    ||     1
Dodge: Dodged            ||    12

Table legend: (Time is in decaauts)
 A = Elapsed time spent in this place.
 B = Non-inter-level travel time spent in this place.
 C = Inter-level travel time spent in this place.
 D = Time resting spent in this place.
 E = Time spent auto-exploring this place.
 F = Levels seen in this place.
 G = Mean time per level.
                   A        B        C        D        E       F      G
               +--------+--------+--------+--------+--------+-----+--------+
         Total |    815 |    815 |      0 |      0 |    687 |   1 |  815.0 |
       Dungeon |    815 |    815 |      0 |      0 |    687 |   1 |  815.0 |
               +--------+--------+--------+--------+--------+-----+--------+

Top non-repeatable levels by time:
     D:1: 815 daAuts
